 Dungeon Crawl Stone Soup version 0.29-a0-418-gc0181ea820 (webtiles) character file.

Game seed: 14929086744857134375

1222 happo123 the Ruffian (level 8, -6/117 HPs)
             Began as a Troll Berserker on May 17, 2022.
             Was a Priest of Trog.
             Mangled by an ogre
             ... wielding a +0 giant club
              (20 damage)
             ... on level 5 of the Dungeon on May 18, 2022.
             The game lasted 00:14:31 (2682 turns).

happo123 the Ruffian (Troll Berserker)              Turns: 2682, Time: 00:14:31

Health: -6/117     AC:  6    Str: 28      XL:     8   Next: 23%
Magic:  7/7        EV: 11    Int:  3      God:    Trog [***...]
Gold:   154        SH:  0    Dex: 13 (21) Spells: 7/7 levels left

rFire   . . .      SeeInvis .     - Unarmed
rCold   . . .      Faith    .   (no shield)
rNeg    . . .      Spirit   .   a - +0 animal skin
rPois   .          Reflect  .   r - +2 hat
rElec   .          Harm     .   (no cloak)
rCorr   .          Rampage  .   (gloves unavailable)
Will    .....                   (boots unavailable)
Stlth   ..........              (no amulet)
HPRegen 1.09/turn               h - +6 ring of dexterity
MPRegen 0.10/turn               t - +6 ring of dexterity

@: berserking (expiring), lethally poisoned (-6 -> -7), very quick
A: large, unfitting armour, claws 3, regeneration 1, shaggy fur 1, tough skin 1
a: Renounce Religion, Berserk, Trog's Hand


You were on level 5 of the Dungeon.
You worshipped Trog.
Trog was most pleased with you.
You visited 1 branch of the dungeon, and saw 5 of its levels.

You collected 322 gold pieces.
You spent 168 gold pieces at shops.

Inventory:

Hand Weapons
 k - the +7 dagger "Telos" {vamp, rElec rC+ Str+2}
   (You found it on level 3 of the Dungeon)

   It occasionally heals its wielder for a portion of the damage dealt when it
   wounds a living foe.
   Str:       It affects your strength (+2).
   rC:        It protects you from cold.
   rElec:     It insulates you from electricity.
Missiles
 y - 3 throwing nets (quivered)
Armour
 a - a +0 animal skin (worn)
 r - a +2 hat (worn)
Jewellery
 b - a ring of magical power
 h - a +6 ring of dexterity (left claw)
 s - an amulet of faith
 t - a +6 ring of dexterity (right claw)
Wands
 u - a wand of iceblast (5)
 v - a wand of paralysis (12)
Scrolls
 c - 2 scrolls of enchant weapon {unknown}
 d - a scroll of blinking {unknown}
 e - a scroll of poison {unknown}
 i - 3 scrolls of identify {unknown}
 l - a scroll of teleportation {unknown}
 o - a scroll of torment {unknown}
 x - a scroll of amnesia {unknown}
 z - a scroll of vulnerability {unknown}
Potions
 f - 3 potions of mutation {unknown}
 g - a potion of magic {unknown}
 j - 2 potions of might {unknown}
 m - 2 potions of haste {unknown}
 n - 2 potions of attraction {unknown}
 p - a potion of flight {unknown}
 q - a potion of lignification {unknown}
 w - a potion of degeneration {unknown}


   Skills:
 + Level 3.6 Fighting
 + Level 5.4 Dodging
 + Level 1.0 Stealth
 + Level 7.5 Unarmed Combat


You had 7 spell levels left.
You didn't know any spells.
Your spell library was empty.

Dungeon Overview and Level Annotations

Branches:
Dungeon (5/15)
 Temple: D:4-7

Altars:
Ashenzari

Shops:
D:4 [

Annotations:
D:5 dolemite99's ghost, novice MfGl


Innate Abilities, Weirdness & Mutations

You are too large for most types of armour.
You have claws for hands.
Your natural rate of healing is unusually fast.
You are covered in fur. (AC +1)
You have tough skin. (AC +1)


Message History

The scorpion poisons you!
You claw the scorpion!
The scorpion is almost dead.
You feel sick. The wyvern barely misses you.
You claw the scorpion!
You kill the scorpion!
Trog accepts your kill.
You feel sick. The wyvern bites you!
Your Stealth skill increases to level 1!
You barely miss the wyvern. You claw the wyvern.
The wyvern is lightly wounded.
You feel sick. The wyvern bites you.
The ogre hits you with a +0 giant club!!
The ogre hits you but does no damage.
You completely miss the wyvern.
The wyvern is lightly wounded.
You feel sick. The wyvern closely misses you.
You barely miss the wyvern.
The wyvern is lightly wounded.
You feel sick. The wyvern bites you!
You claw the wyvern!
The wyvern is heavily wounded.
You feel sick. The ogre closely misses you. The wyvern barely misses you.
The ogre barely misses you.
You mangle the wyvern!!
You kill the wyvern!
Trog accepts your kill.
Your skin stops crawling.
You feel less strong-willed.
You feel sick.
You feel your dexterity returning.
You closely miss dolemite99's ghost. You claw dolemite99's ghost!
Dolemite99's ghost is moderately damaged.
You feel sick.
The ogre hits you with a +0 giant club!!
* * * LOW HITPOINT WARNING * * *
Dolemite99's ghost hits you.
* * * LOW HITPOINT WARNING * * *
The ogre hits you with a +0 giant club!!
You die...

.###.##...#.........#########
.###.#......................#
.#.....>...#.#..............#
....#......###...#########..##
#..##.......##...#.......#...###
....#.....(......#...#...#...#.##
...##............'..#.#$.#.......
..####..........OW.....(.#......#
.##.##..........@O..#.#..#.....#.
.......#.....##..#...#...#.....#.
.......#.....##..#.......#:....#.
..........#......#########......#
....##.#..##.##..................
....####.....#..................#
.....####......#..รท..........##..
...#.##.##..####............###..
...._......##...............# ###


You could see 2 ogres and dolemite99's ghost.

Vanquished Creatures
  The ghost of purpskrrrp the Twirler, an amateur GnWn of Kikubaaqudgha (D:4)
  Sigmund (D:4)
  A wyvern (D:5)
  A black bear (D:5)
  An ogre (D:4)
  A scorpion (D:5)
  3 quasits (D:4)
  3 hounds
  2 jellies (D:5)
  A gnoll shaman (D:5)
  Robin (D:3)
  5 adders
  5 gnolls (D:5)
  A shadow imp (D:4)
  A white imp (D:5)
  An ufetubus (D:4)
  2 worms
  2 dart slugs
  An orc (D:3)
  9 ball pythons
  6 endoplasms
  3 giant cockroaches
  4 hobgoblins
  5 jackals (D:3)
  2 quokkas (D:3)
  A bat (D:1)
  3 frilled lizards
  14 goblins
  5 kobolds
  7 rats
93 creatures vanquished.

Vanquished Creatures (others)
  3 fungi (D:1)
  3 plants (D:1)
  4 toadstools (D:1)
  4 withered plants (D:1)
14 creatures vanquished.

Grand Total: 107 creatures vanquished

Notes
Turn   | Place    | Note
-------+----------+-------------------------------------------
     0 | D:1      | happo123 the Troll Berserker began the quest for the Orb.
     0 | D:1      | Reached XP level 1. HP: 22/22 MP: 0/0
   113 | D:1      | Found a faded altar of an unknown god.
   287 | D:1      | Reached XP level 2. HP: 29/29 MP: 1/1
   894 | D:3      | Reached XP level 3. HP: 25/36 MP: 2/2
   903 | D:3      | Identified the +7 dagger "Telos" {vamp, rElec rC+ Str+2}
  1003 | D:3      | Reached ** piety under Trog
  1252 | D:3      | Noticed Robin
  1264 | D:3      | Killed Robin
  1265 | D:3      | Reached XP level 4. HP: 32/44 MP: 3/3
  1322 | D:3      | Reached skill level 4 in Unarmed Combat
  1646 | D:3      | Upgraded the game from 0.29-a0-416-g83a48905f1 to
                  | 0.29-a0-418-gc0181ea820
  1657 | D:4      | Noticed purpskrrrp's ghost (amateur GnWn)
  1657 | D:4      | Found a transporter.
  1678 | D:4      | Found Riywiuj's Antique Armour Shop.
  1685 | D:4      | Reached XP level 5. HP: 52/52 MP: 4/4
  1710 | D:4      | Bought an embroidered hat for 168 gold pieces
  1758 | D:4      | Reached *** piety under Trog
  1776 | D:4      | Noticed Sigmund
  1792 | D:4      | Killed Sigmund
  1793 | D:4      | Reached skill level 5 in Unarmed Combat
  1793 | D:4      | Reached XP level 6. HP: 61/61 MP: 5/5
  1800 | D:4      | Found a transporter.
  2141 | D:4      | Killed purpskrrrp's ghost
  2142 | D:4      | Reached skill level 6 in Unarmed Combat
  2142 | D:4      | Reached XP level 7. HP: 67/67 MP: 6/6
  2226 | D:5      | Entered Level 5 of the Dungeon
  2236 | D:5      | Noticed a wyvern
  2239 | D:5      | Noticed dolemite99's ghost (novice MfGl)
  2252 | D:5      | Found a runed translucent gate.
  2252 | D:5      | Found a runed translucent gate.
  2252 | D:5      | Found a runed translucent gate.
  2297 | D:5      | Found a broken altar of Ashenzari.
  2358 | D:5      | Reached skill level 7 in Unarmed Combat
  2450 | D:5      | Reached skill level 5 in Dodging
  2584 | D:5      | Reached XP level 8. HP: 75/75 MP: 7/7
  2676 | D:5      | Reached skill level 1 in Stealth
  2682 | D:5      | Mangled by an ogre

Illustrated notes

Levels and vault maps discovered:
D:1:      dpeg_arrival_windows_large_door, layout_rooms,
          shapermc_ecumenical_altar_flowoftime, minmay_gold_behind_fungi
D:2:      layout_rooms, kennysheep_flooded_box
D:3:      layout_basic, nicolae_elevator_lobby_plus, uniq_robin
D:4:      layout_cave_pools, gammafunk_ghost_stat_death, serial_shops, shop,
          uniq_sigmund
D:5:      layout_cave_pools, lemuel_crystal_altar, gammafunk_ghost_split,
          minmay_crystal_water

Skill      XL: |  1  2  3  4  5  6  7  8 |
---------------+-------------------------+-----
Dodging        | 3 4 5 |  5.4
Unarmed Combat | 4 5 6 7 |  7.5
Fighting       | 3 |  3.6
Stealth        | 1 |  1.0

Action                   |  1- 3 |  4- 6 |  7- 9 || total
-------------------------+-------+-------+-------++-------
Melee: Unarmed           |   109 |    74 |    65 ||   248
       Punch             |     3 |     2 |     2 ||     7
Invok: Berserk           |       |     2 |     2 ||     4
       Trog's Hand       |       |       |     1 ||     1
 Stab: Sleeping          |       |       |     1 ||     1
Armor: Animal skin       |    26 |    37 |    89 ||   152
Dodge: Dodged            |    36 |    55 |   111 ||   202

Table legend: (Time is in decaauts)
 A = Elapsed time spent in this place.
 B = Non-inter-level travel time spent in this place.
 C = Inter-level travel time spent in this place.
 D = Time resting spent in this place.
 E = Time spent auto-exploring this place.
 F = Levels seen in this place.
 G = Mean time per level.
                   A        B        C        D        E       F      G
               +--------+--------+--------+--------+--------+-----+--------+
         Total |   2690 |   2279 |    411 |      0 |   1697 |   5 |  538.0 |
       Dungeon |   2690 |   2279 |    411 |      0 |   1697 |   5 |  538.0 |
               +--------+--------+--------+--------+--------+-----+--------+

Top non-repeatable levels by time:
     D:3: 768 daAuts
     D:4: 583 daAuts
     D:5: 459 daAuts
     D:1: 441 daAuts
     D:2: 438 daAuts
